 Dungeon Crawl Stone Soup version 0.29.1-12-g30fa7ad0bf (webtiles) character file.

Game seed: 9786292864393952478

2709 funkygono the Thaumaturge (level 9, -3/58 HPs)
             Began as a Demonspawn Fire Elementalist on Dec 30, 2022.
             Was a Priest of Vehumet.
             Slain by Maggie
             ... wielding a +1 scimitar of freezing
              (16 damage)
             ... on level 7 of the Dungeon.
             The game lasted 00:13:07 (8718 turns).

funkygono the Thaumaturge (DsFE)                    Turns: 8718, Time: 00:13:07

Health: -3/58      AC:  4    Str:  9    XL:     9   Next: 39%
Magic:  6/21       EV: 12    Int: 21    God:    Vehumet [***...]
Gold:   477        SH:  0    Dex: 13    Spells: 13/24 levels left

rFire   . . .      SeeInvis .   p - +3 flail (vorpal)
rCold   . . .      Faith    .   (no shield)
rNeg    . . .      Spirit   .   a - +0 robe
rPois   .          Reflect  .   (helmet restricted)
rElec   .          Harm     .   h - +1 cloak of Eternal Vigilance {Slay+3 Stlth+}
rCorr   .          Rampage  .   (gloves unavailable)
Will    .....                   (no boots)
Stlth   +++.......              (no amulet)
HPRegen 0.19/turn               o - ring of flight
MPRegen 0.17/turn               (no ring)

@: flying, mesmerised
A: antennae 1, claws 3, hooves 1, powered by death 1, spiny 1
a: Renounce Religion


You were on level 7 of the Dungeon.
You worshipped Vehumet.
Vehumet was most pleased with you.
You visited 1 branch of the dungeon, and saw 9 of its levels.
You also visited: Sewer.

You collected 477 gold pieces.

Inventory:

Hand Weapons
 p - a +3 vorpal flail (weapon)
 w - the +7 trident of Wyrd {flame, rElec rCorr Str+6 Dex-5}
   (You found it on level 4 of the Dungeon)

   It burns those it strikes, dealing additional fire damage.
   Str:       It affects your strength (+6).
   Dex:       It affects your dexterity (-5).
   rElec:     It insulates you from electricity.
   rCorr:     It protects you from acid and corrosion.
Missiles
 v - a throwing net
Armour
 a - a +0 robe (worn)
 d - a +0 ring mail
 f - a +0 ring mail of poison resistance
 h - the +1 cloak of Eternal Vigilance (worn) {Slay+3 Stlth+}
   (You found it on level 2 of the Dungeon)

   Slay:      It affects your accuracy & damage with ranged weapons and melee
   (+3).
   Stlth:     It makes you more stealthy.
 q - a +0 scale mail of poison resistance
 s - a +1 pair of gloves
 C - a +3 leather armour of cold resistance
 E - +0 acid dragon scales
Jewellery
 o - a ring of flight (left claw)
 D - an amulet of reflection
Wands
 n - a wand of paralysis (12)
 t - a wand of mindburst (10)
 y - a wand of flame (22)
Scrolls
 k - a scroll of poison
 r - 2 scrolls of fear
 F - a scroll of vulnerability {unknown}
 G - a scroll of butterflies
Potions
 b - 2 potions of magic
 c - a potion of heal wounds
 e - 3 potions of mutation
 g - a potion of might
 i - 5 potions of flight
 j - a potion of berserk rage {unknown}
 l - 2 potions of curing
 m - a potion of ambrosia
 u - 2 potions of lignification
 x - a potion of attraction
 z - a potion of haste
 A - a potion of cancellation {unknown}
 B - a potion of resistance


   Skills:
 + Level 0.9 Fighting
 + Level 0.8 Maces & Flails
 + Level 2.7 Dodging
 - Level 1.7 Stealth
 + Level 8.2 Spellcasting
 + Level 5.2 Conjurations
 + Level 7.2 Fire Magic
 + Level 0.7 Earth Magic


You had 13 spell levels left.
You knew the following spells:

 Your Spells              Type           Power      Damage    Failure   Level
a - Foxfire               Conj/Fire      100%       2x1d9     1%          1
b - Scorch                Fire           78%        2d8       1%          2
c - Flame Wave            Conj/Fire      34%        2d10      1%          4
d - Sandblast             Erth           22%        2d7       1%          1
e - Stone Arrow           Conj/Erth      42%        3d9       1%          3

Your spell library contained the following spells:

 Spells                   Type           Power      Damage    Failure   Level
 Mephitic Cloud           Conj/Pois/Air  16%        N/A       3%          3
 Conjure Flame            Conj/Fire      34%        6-21      1%          3
 Inner Flame              Hex/Fire       23%        N/A       1%          3
 Apportation              Tloc           16%        N/A       8%          1
 Freezing Cloud           Conj/Ice/Air   8%         6-21      26%         5
 Alistair's Intoxication  Tmut/Pois      5%         N/A       91%         5
 Simulacrum               Ice/Necr       4%         N/A       100%        6
 Polar Vortex             Ice            4%         N/A       100%        9


Dungeon Overview and Level Annotations

Branches:
Dungeon (9/15)             Temple (0/1) D:4           Sewer (visited)
   Lair: D:8-11         Orc: D:9-12

Altars:
Trog
Vehumet
Xom

Shops:
D:6 [

Annotations:
D:5 Menkaure
D:7 Maggie


Innate Abilities, Weirdness & Mutations

You have a pair of small antennae on your head.
You have claws for hands.
You have large cloven feet.
You regenerate a little health from kills.
You are partially covered in sharp spines.


Message History

Maggie is lightly wounded.
The foxfire hits Maggie but does no damage.
Maggie is lightly wounded.
The foxfire hits Maggie.
Maggie is lightly wounded.
Casting: Scorch (safe; 1% risk of failure)
Confirm with . or Enter, or press ? or * to list all spells.
You conjure some foxfire!
Maggie casts a spell at you. The bolt of fire hits you!
The bolt of fire hits your foxfire.
Your foxfire completely resists.
Maggie is struck by your spines. Maggie barely misses you.
Casting: Foxfire (safe; 1% risk of failure)
Confirm with . or Enter, or press ? or * to list all spells.
Flames lash Maggie.
Maggie is burned terribly!
Maggie is moderately wounded.
The foxfire hits Maggie.
Maggie is burned terribly!
Maggie is moderately wounded.
Maggie gestures at you while chanting. The bolt of fire hits you!
* * * LOW HITPOINT WARNING * * *
Casting: Scorch (safe; 1% risk of failure)
Confirm with . or Enter, or press ? or * to list all spells.
You conjure some foxfire!
Maggie gestures wildly while chanting.
Maggie attempts to bespell you!
You are mesmerised by Maggie!
Maggie closely misses you.
Casting: Foxfire (safe; 1% risk of failure)
Confirm with . or Enter, or press ? or * to list all spells.
Flames lash Maggie.
Maggie is burned terribly!
Maggie is severely wounded.
The foxfire hits Maggie but does no damage.
Maggie is severely wounded.
Your foxfire dissipates!
The foxfire hits Maggie.
Maggie is burned terribly!
Maggie is severely wounded.
Maggie practices a pose.
Maggie hits you with a +1 scimitar of freezing!
You die...

#.##........#..#..#
#.##..............
#.##.##..........#
##.....##.#..#....###
....................
##..##.##.#..#.#..#
#..##.##.#..#§#..#
#..##.##.....§.§.#
#..##.##.#..#§#@.#
##..##.##.#..#.#@.....#
.......##.#.##.##.#.###
##.>............ .. ..
#########.#.##.. ...
... # #.#.#####.#.# ##
# . .. ...# # ####
########


You could see Maggie (mesmerising, fast, combustible).

Vanquished Creatures
  Sigmund (D:2)
  A shadow (D:9)
  A wyvern (D:8)
  An acid dragon (D:9)
  An ice beast (D:6)
  2 black bears
  2 ogres (D:6)
  Blork the orc (D:5)
  A kobold brigand (D:8)
  A necrophage (D:6)
  3 bullfrogs
  5 killer bees (D:9)
  3 howler monkeys (D:9)
  A hound (D:5)
  4 orc priests
  3 jellies
  5 iguanas
  8 orc wizards
  Terence (D:2)
  A hound zombie (D:2)
  7 gnolls
  12 adders
  5 river rats
  A shadow imp (D:6)
  An ufetubus (D:7)
  An adder skeleton (D:2)
  A worm (Sewer)
  2 dart slugs (D:5)
  18 orcs
  12 ball pythons
  9 bats
  A bat skeleton (D:2)
  6 endoplasms
  5 giant cockroaches
  4 goblins
  10 hobgoblins
  14 jackals
  8 kobolds
  7 quokkas
  2 frilled lizards (D:3)
  A quokka zombie (D:2)
  10 rats
183 creatures vanquished.

Vanquished Creatures (others)
  546 foxfires
  2 withered plants (D:2)
548 creatures vanquished.

Grand Total: 731 creatures vanquished

Notes
Turn   | Place    | Note
-------+----------+-------------------------------------------
     0 | D:1      | funkygono the Demonspawn Fire Elementalist began the quest
                  | for the Orb.
     0 | D:1      | Reached XP level 1. HP: 13/13 MP: 3/3
   333 | D:1      | Gained mutation: You are partially covered in sharp spines.
                  | [demonic ancestry]
   333 | D:1      | Reached XP level 2. HP: 20/20 MP: 1/5
   449 | D:1      | Learned a level 2 spell: Scorch
  1109 | D:2      | Discovered your monstrous ancestry.
  1109 | D:2      | Gained mutation: You have sharp fingernails. [demonic
                  | ancestry]
  1109 | D:2      | Reached XP level 3. HP: 22/25 MP: 0/7
  1193 | D:2      | Identified the +1 cloak of Eternal Vigilance {Slay+3
                  | Stlth+}
  1464 | D:2      | Noticed Sigmund
  1633 | D:2      | Killed Sigmund
  1634 | D:2      | Reached skill level 3 in Spellcasting
  1634 | D:2      | Reached XP level 4. HP: 31/31 MP: 0/9
  1634 | D:2      | Gained mutation: You have a pair of small antennae on your
                  | head. [demonic ancestry]
  1634 | D:2      | Reached XP level 5. HP: 36/36 MP: 0/10
  1855 | D:2      | Reached skill level 4 in Spellcasting
  2221 | D:2      | Noticed Terence
  2230 | D:2      | Killed Terence
  2231 | D:2      | Gained mutation: You have very sharp fingernails. [demonic
                  | ancestry]
  2231 | D:2      | Reached XP level 6. HP: 42/42 MP: 2/12
  2428 | D:2      | Found a radiant altar of Vehumet.
  2513 | D:2      | Became a worshipper of Vehumet
  2859 | D:3      | Found a faded altar of an unknown god.
  3131 | D:3      | Found a bloodstained altar of Trog.
  3447 | D:3      | Found a faded altar of an unknown god.
  3482 | D:3      | Found a shimmering altar of Xom.
  3668 | D:4      | Reached * piety under Vehumet
  3668 | D:4      | Offered knowledge of Sandblast by Vehumet.
  3674 | D:4      | Learned a level 4 spell: Flame Wave
  3676 | D:4      | Learned a level 1 spell: Sandblast
  4039 | D:4      | Identified the +7 trident of Wyrd {flame, rElec rCorr Str+6
                  | Dex-5}
  4242 | D:4      | Gained mutation: You have large cloven feet. [demonic
                  | ancestry]
  4242 | D:4      | Reached XP level 7. HP: 47/47 MP: 8/13
  4515 | D:4      | Found a staircase to the Ecumenical Temple.
  5516 | D:5      | Entered Level 5 of the Dungeon
  5749 | D:5      | Found a glowing drain.
  5753 | Sewer    | Entered a sewer
  5853 | Sewer    | Reached skill level 5 in Spellcasting
  5995 | Sewer    | Offered knowledge of Static Discharge by Vehumet.
  5996 | Sewer    | Reached ** piety under Vehumet
  6694 | D:5      | Reached skill level 5 in Fire Magic
  6961 | D:5      | Found a radiant altar of Vehumet.
  7046 | D:5      | Noticed Menkaure
  7227 | D:5      | Noticed Blork the orc
  7237 | D:5      | Killed Blork the orc
  7238 | D:5      | Reached skill level 6 in Spellcasting
  7238 | D:5      | Gained mutation: You regenerate a little health from kills.
                  | [demonic ancestry]
  7238 | D:5      | Reached XP level 8. HP: 33/53 MP: 14/17
  7534 | D:6      | Found Zimyh's Antique Armour Boutique.
  7809 | D:6      | Offered knowledge of Stone Arrow by Vehumet.
  7814 | D:6      | Learned a level 3 spell: Stone Arrow
  7920 | D:6      | Reached skill level 7 in Spellcasting
  7985 | D:6      | You are sucked into a shaft and drop 3 floors!
  8104 | D:9      | Reached *** piety under Vehumet
  8109 | D:9      | Gained mutation: You have claws for hands. [demonic
                  | ancestry]
  8109 | D:9      | Reached XP level 9. HP: 33/58 MP: 6/20
  8362 | D:8      | Reached skill level 5 in Conjurations
  8425 | D:8      | Offered knowledge of Mephitic Cloud by Vehumet.
  8426 | D:8      | Reached skill level 8 in Spellcasting
  8702 | D:7      | Noticed Maggie
  8718 | D:7      | Slain by Maggie

Illustrated notes

Levels and vault maps discovered:
D:1:      minmay_arrival_jagged, layout_basic, minmay_pentomino_r2
D:2:      layout_loops_ring, basic_altar, serial_undead, serial_undead_f,
          serial_undead_c, serial_undead_c, serial_undead_c,
          minmay_misc_feat_tiny, kennysheep_big_empty_room, corner_web_ring,
          uniq_terence, uniq_sigmund
D:3:      layout_loops_ring, trog_hazing_becter,
          nicolae_overflow_ecumenical_swirl, hellmonk_ecumenical_altar_blasted,
          eino_tiny_chamber
D:4:      layout_layer_cave, minmay_temple_entry_fiery
D:5:      layout_basic, nicolae_overflow_hidden_temple, elyvilon_altar_5,
          gup_sewer_entry_bowl, kennysheep_dice, uniq_menkaure,
          uniq_blork_the_orc
D:6:      layout_basic, serial_shops, nicolae_diamond_shop
D:7:      layout_basic, hellmonk_ghost_happy_afterlife, uniq_maggie
D:8:      layout_basic, mainiacjoe_overflow_two_lobes, erik_lair_island,
          uniq_joseph
D:9:      layout_basic, nicolae_qazlal_style_of_elements,
          chequers_serial_rivers_marsh

Skill      XL: |  1  2  3  4  5  6  7  8  9 |
---------------+----------------------------+-----
Dodging        | 2 |  2.7
Fire Magic     | 3 4 5 6 7 |  7.2
Spellcasting   | 3 4 6 7 8 |  8.2
Conjurations   | 2 3 4 5 |  5.2
Fighting       | |  0.9
Maces & Flails | |  0.8
Stealth        | |  1.7
Earth Magic    | |  0.7

Action                   |  1- 3 |  4- 6 |  7- 9 || total
-------------------------+-------+-------+-------++-------
Melee: Club              |     2 |     1 |       ||     3
       Flail             |       |     1 |    11 ||    12
       Kick              |       |       |     4 ||     4
 Cast: Foxfire           |    53 |   110 |   164 ||   327
       Scorch            |     5 |    12 |    51 ||    68
       Sandblast         |       |       |     7 ||     7
  Use: Scroll            |       |       |    21 ||    21
Armor: Robe              |     3 |       |    17 ||    20
Dodge: Dodged            |    10 |     5 |    27 ||    42
